 Dungeon Crawl Stone Soup version 0.18-a0-60-g15541d7 (webtiles) character file.

571 axujen the Conjurer (level 7, -2/36 HPs)
             Began as a Gargoyle Ice Elementalist on Nov 8, 2015.
             Slain by a centaur (7 damage)
             ... on level 5 of the Dungeon.
             The game lasted 00:15:58 (7212 turns).

axujen the Conjurer (Gargoyle Ice Elementalist)     Turns: 7212, Time: 00:15:59

Health: -2/36      AC:  6    Str: 11    XL:     7   Next: 34%
Magic:  9/10       EV: 11    Int: 18    God:
Gold:   183        SH:  3    Dex: 10    Spells: 2 memorised, 5 levels left

rFire  . . .     SeeInvis .     w - +0 dagger
rCold  . . .     Clarity  .     a - +0 robe
rNeg   + . .     SustAt   .     D - +0 buckler
rPois  ∞         Gourm    .     (no helmet)
rElec  +         Spirit   .     (no cloak)
rCorr  .         Warding  .     (no gloves)
rMut   .         Stasis   .     (no boots)
MR     .....                    (no amulet)
Stlth  ++........               (no ring)
                                (no ring)

@: not resistant to hostile enchantments, unstealthy
A: negative energy resistance 1, electricity resistance, unbreathing,
petrification resistance, rot immunity, AC +4
a: no special abilities


You were on level 5 of the Dungeon.
You were not hungry.

You visited 2 branches of the dungeon, and saw 6 of its levels.

You collected 183 gold pieces.

Inventory:

Hand Weapons
 w - a +0 dagger (weapon)
Missiles
 x - 161 stones (quivered)
 J - 27 poisoned needles
Armour
 a - a +0 robe (worn)
 D - a +0 buckler (worn)
Jewellery
 B - an uncursed ring of fire
Scrolls
 A - 4 scrolls of identify
 K - 3 scrolls of teleportation
 M - 2 scrolls of immolation
 V - a scroll of fear
Potions
 C - 3 potions of heal wounds
 E - a potion of curing
 N - a potion of cancellation
 R - a potion of flight
 S - a potion of haste {unknown}
 T - a potion of beneficial mutation {unknown}
 W - a potion of poison {unknown}
Books
 b - a book of Frost

   Spells                             Type                      Level
   a - Freeze                         Ice                          1
   b - Throw Frost                    Conjuration/Ice              2
   c - Ozocubu's Armour               Charms/Ice                   3
   d - Throw Icicle                   Conjuration/Ice              4
   e - Summon Ice Beast               Ice/Summoning                4
   f - Condensation Shield            Ice                          4
 Q - a book of Maledictions

   Spells                             Type                      Level
   a - Corona                         Hexes                        1
   b - Ensorcelled Hibernation        Hexes/Ice                    2
   c - Confuse                        Hexes                        3
   d - Tukima's Dance                 Hexes                        3
   e - Dazzling Spray                 Conjuration/Hexes            3
Comestibles
 c - 5 bread rations
 O - a beef jerky
 X - 2 meat rations
 Z - 4 fruits


   Skills:
 - Level 1.5 Dodging
 - Level 2.1 Stealth
 - Level 2.0 Spellcasting
 + Level 6.7 Conjurations
 - Level 5.4 Ice Magic


You had 5 spell levels left.
You knew the following spells:

 Your Spells              Type           Power        Failure   Level  Hunger
H - Freeze                Ice            ###.         4%          1    #......
J - Throw Icicle          Conj/Ice       ###.....     24%         4    #####..


Dungeon Overview and Level Annotations

Branches:
Dungeon (5/15)             Temple (1/1) D:4

Altars:
Ashenzari
Dithmenos
Elyvilon
Fedhas
Kikubaaqudgha
Nemelex Xobeh
Okawaru
Qazlal
Ru
Sif Muna
Yredelemnul
Zin
The Shining One

Annotations:
D:5 Pikel, Sigmund


Innate Abilities, Weirdness & Mutations

You are resistant to torment.
Your stone body is resilient (AC +4).
You are immune to poison.
You resist negative energy.
You are resistant to electric shocks.
You can survive without breathing.
You are immune to petrification.
You are immune to rotting.


Message History

You see here an arrow.
The centaur shoots an arrow.
The arrow hits you!
* * * LOW HITPOINT WARNING * * *
You see here an arrow.
You start resting.
The centaur unwields an uncursed shortbow.
You block the centaur's attack. The centaur closely misses you.
Unknown command.
You hit the centaur.
The centaur is lightly wounded.
The centaur barely misses you.
Casting: Freeze
Confirm with . or Enter, or press ? or * to list all spells.
Aiming: Freeze
Press: ? - help, Shift-Dir - straight line, f - centaur
Aim: a centaur (lightly wounded)
You freeze the centaur.
The centaur is severely wounded.
The centaur hits you!
You die...

# ##### #### #.... #..## ##....
#.# ##c9.## ##..... #..
##.##..## ##...... #...
##(.###..######....... #..#
##.(.# #....÷.......... #...#
##....###...............
#....###......##...####........
###.....#...........##
#........ .......((..###.....##
#........ .........### ###...##
##.......


You could see a centaur.

Vanquished Creatures
  3 killer bees (D:4)
  A centaur zombie (D:5)
  Jessica (D:3)
  2 hounds
  A worker ant (D:4)
  8 gnolls
  8 adders
  A shadow imp (D:4)
  2 worms
  3 giant geckos
  10 orcs
  14 bats
  8 giant cockroaches
  7 goblins
  10 hobgoblins
  9 jackals
  16 kobolds
  2 quokkas
  3 ball pythons
  6 giant newts
  6 rats
121 creatures vanquished.

Vanquished Creatures (others)
  An orc (D:3)
  A giant newt (D:3)
  A rat (D:3)
3 creatures vanquished.

Grand Total: 124 creatures vanquished

Notes
Turn   | Place    | Note
--------------------------------------------------------------
     0 | D:1      | axujen the Gargoyle Ice Elementalist began the quest for the Orb.
     0 | D:1      | Reached XP level 1. HP: 10/10 MP: 3/3
   164 | D:1      | Reached XP level 2. HP: 13/15 MP: 0/5
   608 | D:1      | Reached skill level 4 in Ice Magic
   774 | D:1      | Reached XP level 3. HP: 12/19 MP: 3/6
  1839 | D:2      | Reached XP level 4. HP: 24/24 MP: 5/7
  2388 | D:2      | Reached skill level 5 in Ice Magic
  2967 | D:2      | Learned a level 4 spell: Throw Icicle
  2976 | D:3      | Found an ancient bone altar of Kikubaaqudgha.
  2976 | D:3      | Noticed Jessica
  3116 | D:3      | Killed Jessica
  3116 | D:3      | Reached XP level 5. HP: 25/28 MP: 5/8
  3334 | D:3      | Found a basalt altar of Yredelemnul.
  3339 | D:3      | Found a glowing golden altar of the Shining One.
  3348 | D:3      | Noticed an angel
  4337 | D:3      | Reached XP level 6. HP: 32/32 MP: 6/9
  4374 | D:3      | Found a shattered altar of Ashenzari.
  5224 | D:4      | Reached skill level 5 in Conjurations
  5497 | D:4      | Reached XP level 7. HP: 36/36 MP: 4/10
  5698 | D:4      | Reached skill level 6 in Conjurations
  5734 | D:4      | Found a staircase to the Ecumenical Temple.
  5740 | Temple   | Entered the Ecumenical Temple
  6092 | D:4      | Found a blossoming altar of Fedhas.
  6206 | D:5      | Entered Level 5 of the Dungeon
  6827 | D:5      | Found a deep blue altar of Sif Muna.
  6827 | D:5      | Found a glowing silver altar of Zin.
  6894 | D:5      | Noticed Sigmund
  7093 | D:5      | Noticed Pikel
  7212 | D:5      | Slain by a centaur

Vault maps used:
D:1:      dpeg_arrival_tiny_d, roderic_ancient_swastika, st_stairs_10
D:2:      first_bread
D:3:      grunt_temple_overflow_holy_war, lemuel_round_altar,
          old_standard_altar, uniq_jessica
D:4:      fedhas_altar_fruit_tree, minmay_temple_entry_enclosed_plants,
          kennysheep_nondescript
D:5:      tgw_trog, gammafunk_temple_overflow_statue, uniq_sigmund, uniq_pikel
Temple:   circular_temple_6

Action                   |  1- 3 |  4- 6 |  7- 9 || total
-------------------------+-------+-------+-------++-------
Melee: Dagger            |    74 |    76 |    62 ||   212
 Cast: Freeze            |    41 |   113 |    36 ||   190
  Use: Scroll            |       |    13 |       ||    13
  Eat: Chunk             |     4 |    13 |     4 ||    21
       Pizza             |       |       |     1 ||     1
